 Dungeon Crawl Stone Soup version 0.31-a0-876-gfe8ebadbca (webtiles) character file.

Game seed: 2285610177480818687

739 Xavori the Sneak (level 7, -2/49 HPs)
             Began as an Octopode Chaos Knight on Oct 13, 2023.
             Was a Plaything of Xom.
             Slain by an orc warrior
             ... wielding a +0 scimitar
              (7 damage)
             ... on level 5 of the Dungeon.
             The game lasted 00:03:35 (4321 turns).

Xavori the Sneak (Octopode Chaos Knight)            Turns: 4321, Time: 00:03:36

Health: -2/49      AC:  3    Str: 12    XL:     7   Next: 75%
Magic:  7/7        EV: 14    Int: 14    God:    Xom [......]
Gold:   1089       SH:  0    Dex: 13    Spells: 6/6 levels left

rFire   . . .        o - +2 short sword (venom)
rCold   . . .        (no shield)
rNeg    . . .        (helmet restricted)
rPois   .            m - amulet of regeneration
rElec   .            (no ring)
rCorr   .            (no ring)
SInv    .            (no ring)
Will    .....        (no ring)
Stlth   +++++        (no ring)
HPRegen 1.08/turn    (no ring)
MPRegen 0.10/turn    (no ring)
                     (no ring)

%: no passive effects
@: brilliant, cleaving
A: almost no armour, amphibious, 8 rings, camouflage 1, gelatinous body 1,
(nimble swimmer 1), tentacles, iridescent scales 1
a: Renounce Religion


You were on level 5 of the Dungeon.
You worshipped Xom.
You were a very special plaything of Xom.
You visited 1 branch of the dungeon, and saw 5 of its levels.

You collected 1089 gold pieces.

Inventory:

Hand Weapons
 o - a +2 short sword of venom (weapon)
Missiles
 n - 3 curare-tipped darts (quivered)
Jewellery
 m - an amulet of regeneration (around mantle)
Scrolls
 a - 4 scrolls of teleportation
 b - a scroll of butterflies
 c - 2 scrolls of enchant armour
 k - a scroll of identify
Potions
 d - a potion of experience {unknown}
 h - 2 potions of curing
 i - a potion of cancellation {unknown}
 j - a potion of ambrosia {unknown}
 l - a potion of enlightenment {unknown}


   Skills:
 + Level 4.6 Fighting
 + Level 5.2 Short Blades
 + Level 0.4 Throwing
 + Level 3.2 Dodging
 + Level 7.7 Stealth


You had 6 spell levels left.
You didn't know any spells.
Your spell library contained the following spells:

 Spells                   Type           Power      Damage    Failure   Level
 Summon Small Mammal      Summ           0%         N/A       28%         1
 Call Canine Familiar     Summ           0%         N/A       65%         3
 Summon Guardian Golem    Hex/Summ       0%         N/A       65%         3


Dungeon Overview and Level Annotations

Branches:
Dungeon (5/15)
 Temple: D:4-7

Altars:
Okawaru
Ru
Wu Jian

Annotations:
D:4 2 transporters, deremet's ghost, amateur GnDe
D:5 1 runed translucent door, Crazy Yiuf; Menkaure


Innate Abilities, Weirdness & Mutations

You cannot wear most types of armour.
You are amphibious.
You can wear up to eight rings at the same time.
Your skin changes colour to match your surroundings (Stealth+).
Your rubbery body absorbs attacks. (AC +1, EV +1)
((You are camouflaged when in or above water. (Stealth+)))
You have tentacles for arms and can constrict up to eight enemies at once.
You are partially covered in iridescent scales. (AC +2)


Message History

The orc warrior suddenly seems more resistant.
The orc warrior closely misses you.
You hit the orc warrior but do no damage.
You squeeze the orc warrior, but do no damage.
The orc warrior is moderately wounded.
You constrict the orc warrior, but do no damage.
You hit the orc warrior but do no damage.
You squeeze the orc warrior, but do no damage.
The orc warrior is moderately wounded.
You constrict the orc warrior, but do no damage.
The orc warrior hits you with a +0 scimitar!
You hit the orc warrior but do no damage.
You squeeze the orc warrior, but do no damage.
The orc warrior is moderately wounded.
You constrict the orc warrior, but do no damage.
The orc warrior hits you with a +0 scimitar!
You hit the orc warrior but do no damage.
The orc warrior is moderately wounded.
You constrict the orc warrior.
The orc warrior hits you with a +0 scimitar.
Unknown command.
You aren't carrying any items that you can evoke.
Unknown command.
It was a potion of brilliance.
You feel clever all of a sudden.
You constrict the orc warrior. "Go forth and cause havoc, mortal!"
Your +2 short sword of venom looks sharp.
The orc warrior hits you with a +0 scimitar!
* * * LOW HITPOINT WARNING * * *
You feel better.
You constrict the orc warrior.
The orc warrior hits you with a +0 scimitar!
* * * LOW HITPOINT WARNING * * *
As you read the scroll labelled ZAIWNU UHUUF, it crumbles to dust.
It is a scroll of amnesia.
You feel forgetful for a moment.
You constrict the orc warrior, but do no damage.
The orc warrior hits you with a +0 scimitar!
You die...
Xom is highly amused!

..###..........#..+..............
...............#.##..............
#.##..##########.................
#.###+## ###...............
#......# #...............
#......# ###...............
#......# #.................
###+#..# #.##..............
###.##.#########@##..............
#.............##o##..............
#.#+###S..S.#.##.##..............
o.).....###.#.#.M##..............
...M.$..# #.....###..............
.....o..# ##..###*###############
..#...### #...., ,,, , .#_#..#
#.>.... , ,,* ..#..## #........,


You could see an orc warrior (resistant) and Menkaure.

Vanquished Creatures
  A black bear (D:4)
  An ogre (D:4)
  2 phantoms
  A scorpion (D:5)
  A jelly (D:5)
  Jessica (D:2)
  An iguana (D:4)
  An orc wizard (D:5)
  5 gnolls
  12 adders
  5 dart slugs
  2 orcs
  5 ball pythons
  6 bats
  5 endoplasms
  5 giant cockroaches
  5 goblins
  11 hobgoblins
  8 kobolds
  5 quokkas
  2 frilled lizards (D:1)
  4 rats
89 creatures vanquished.

Vanquished Creatures (others)
  An orc (D:5)
1 creature vanquished.

Grand Total: 90 creatures vanquished

Notes
Turn   | Place    | Note
-------+----------+-------------------------------------------
     0 | D:1      | Xavori the Octopode Chaos Knight began the quest for the
                  | Orb.
     0 | D:1      | Reached XP level 1. HP: 16/16 MP: 1/1
    48 | D:1      | XOM: smoke on damage
    52 | D:1      | Reached XP level 2. HP: 10/21 MP: 2/2
   171 | D:1      | XOM: silly message
   370 | D:1      | Reached XP level 3. HP: 27/27 MP: 3/3
   518 | D:1      | XOM: 2-stop teleportation journey
   777 | D:1      | XOM: god gift: 817 gold pieces
  1003 | D:1      | Reached XP level 4. HP: 25/33 MP: 4/4
  1048 | D:1      | Reached skill level 1 in Stealth
  1241 | D:1      | XOM: god gift: 51 gold pieces
  1817 | D:1      | XOM: 1-stop teleportation journey
  1971 | D:1      | XOM: god gift: spear {god gift}
  2087 | D:1      | XOM is BORED!
  2420 | D:1      | XOM: give mutation
  2420 | D:1      | Gained mutation: You are partially covered in iridescent
                  | scales. (AC +2) [Xom's grace]
  2707 | D:2      | Noticed Jessica
  2713 | D:2      | Killed Jessica
  2714 | D:2      | Reached skill level 2 in Stealth
  2714 | D:2      | Reached XP level 5. HP: 37/37 MP: 5/5
  3077 | D:2      | Reached skill level 3 in Stealth
  3152 | D:3      | XOM: 1-stop teleportation journey
  3182 | D:3      | XOM: cloud trail
  3222 | D:3      | Found a faded altar of an unknown god.
  3238 | D:3      | XOM: god gift: 5 stones
  3443 | D:3      | Found a sacrificial altar of Ru.
  3538 | D:3      | Found an ornate altar of the Wu Jian Council.
  3566 | D:4      | Noticed an ogre
  3566 | D:4      | Noticed a black bear
  3569 | D:4      | XOM: divination: magic mapping
  3623 | D:4      | Found a transporter.
  3640 | D:4      | Killed an ogre
  3641 | D:4      | Reached skill level 4 in Stealth
  3641 | D:4      | Reached XP level 6. HP: 44/44 MP: 6/6
  3677 | D:4      | Killed a black bear
  3678 | D:4      | Reached skill level 5 in Stealth
  3794 | D:4      | XOM: silly message
  3832 | D:4      | Reached skill level 6 in Stealth
  3832 | D:4      | Reached XP level 7. HP: 49/49 MP: 7/7
  3926 | D:4      | Found a transporter.
  3977 | D:4      | Noticed deremet's ghost (amateur GnDe)
  4048 | D:5      | Entered Level 5 of the Dungeon
  4116 | D:5      | XOM: divination: magic mapping
  4121 | D:5      | XOM: divination: detect creatures
  4127 | D:5      | Reached skill level 5 in Short Blades
  4127 | D:5      | Reached skill level 7 in Stealth
  4247 | D:5      | Found a runed translucent door.
  4248 | D:5      | Noticed Crazy Yiuf
  4289 | D:5      | Found an iron altar of Okawaru.
  4292 | D:5      | XOM: divination: magic mapping
  4294 | D:5      | Noticed Menkaure
  4295 | D:5      | XOM: confuse monster(s)
  4314 | D:5      | XOM: enchant monster (bad)
  4319 | D:5      | XOM: cleaving
  4321 | D:5      | Slain by an orc warrior

Illustrated notes

Levels and vault maps discovered:
D:1:      dpeg_arrival_water_temple_mockup, layout_basic, minmay_bisected
D:2:      layout_basic, uniq_jessica
D:3:      layout_basic, nzn_wu_jian_council_hall, nicolae_ru_path_of_blood,
          basic_ecumenical_altar, chequers_serial_rivers_micro_e
D:4:      layout_rooms, gammafunk_ghost_arena
D:5:      layout_basic, okawaru_metal_pillars_1_2,
          minmay_temple_entry_enclosed_plants, uniq_crazy_yiuf_cottage,
          uniq_menkaure, uniq_prince_ribbit1

Skill      XL: |  1  2  3  4  5  6  7 |
---------------+----------------------+-----
Fighting       | 4 |  4.6
Stealth        | 2 4 6 7 |  7.7
Short Blades   | 4 5 |  5.2
Dodging        | 3 |  3.2
Throwing       | |  0.4

Action                     |  1- 3 |  4- 6 |  7- 9 || total
---------------------------+-------+-------+-------++-------
  Melee: Short sword       |    32 |    12 |    43 ||    87
         Tentacles         |    13 |    12 |    17 ||    42
         Constrict         |    10 |    16 |     8 ||    34
         Dagger            |    16 |    81 |       ||    97
         Punch             |       |       |     1 ||     1
  Throw: Dart              |       |     3 |       ||     3
    Use: Scroll            |       |     1 |     4 ||     5
         Potion            |       |       |     2 ||     2
   Stab: Sleeping          |     5 |    16 |     5 ||    26
         Confused          |       |       |     1 ||     1
 Armour: Skin              |    22 |    25 |    26 ||    73
  Dodge: Dodged            |    28 |    36 |    14 ||    78

Table legend: (Time is in decaauts)
 A = Elapsed time spent in this place.
 B = Non-inter-level travel time spent in this place.
 C = Inter-level travel time spent in this place.
 D = Time resting spent in this place.
 E = Time spent auto-exploring this place.
 F = Levels seen in this place.
 G = Mean time per level.
                   A        B        C        D        E       F      G
               +--------+--------+--------+--------+--------+-----+--------+
         Total |   4282 |   4134 |    148 |   1553 |   1979 |   5 |  856.4 |
       Dungeon |   4282 |   4134 |    148 |   1553 |   1979 |   5 |  856.4 |
               +--------+--------+--------+--------+--------+-----+--------+

Top non-repeatable levels by time:
     D:1: 2488 daAuts
     D:2: 591 daAuts
     D:3: 501 daAuts
     D:4: 438 daAuts
     D:5: 264 daAuts
